[Event "Team 45 45 League T44"]
[Site "Internet Chess Club"]
[Date "2010.03.07"]
[Round "5"]
[White "ryan2chess"]
[Black "katabatico"]
[Result "1-0"]
[WhiteElo "1491"]
[BlackElo "1333"]
[Opening "Ruy Lopez: open (Tarrasch) defense"]
[ECO "C80"]
[Time "13:00:09"]
[TimeControl "2700+45"]

1. e4 e5 2. Nf3 Nc6 3. Bb5 a6 4. Ba4 Nf6 5. O-O Nxe4 6. Re1 Nc5 7. Bxc6 dxc6 8.
Nxe5 Be7 9. Qf3 O-O 10. Nc3 Ne6 11. Qe4 Bd6 12. d3 Re8 13. Qf3 f6 14. Nc4 Nd4
15. Rxe8+ Qxe8 16. Qe3 Qxe3 17. Nxe3 Bd7 18. Bd2 Re8 19. h3 f5 20. Rc1 f4 21.
Nc4 Bxh3 22. gxh3 Nf3+ 23. Kg2 Nxd2 24. Nxd2 Re6 25. Nce4 Rg6+ 26. Kf3 Be5 27.
Nc4 Bd4 28. Kxf4 b5 29. c3 Ba7 30. Ne5 Rh6 31. Rh1 Re6 32. b4 h6 33. d4 g6 34.
Rg1 Kh7 35. h4 h5 36. Ng5+ {Black resigns} 1-0

[Event "Team 45 45 League T44"]
[Site "Internet Chess Club"]
[Date "2010.03.06"]
[Round "5"]
[White "rubo"]
[Black "Salvatore"]
[Result "1-0"]
[WhiteElo "1846"]
[BlackElo "1650"]
[Opening "Bird's opening"]
[ECO "A02"]
[Time "14:01:16"]
[TimeControl "2700+45"]

1. f4 Nf6 2. Nf3 d6 3. e3 e5 4. fxe5 dxe5 5. Nxe5 Bd6 6. Nf3 Ng4 7. d4 Bxh2 8.
Nxh2 Qh4+ 9. Kd2 Nxh2 10. Be2 Qg3 11. Qg1 Ng4 12. Bxg4 Bxg4 13. Nc3 Nc6 14. Ne4
Qd6 15. Nxd6+ cxd6 16. c4 O-O 17. Qh2 h5 18. Qxd6 Rad8 19. Qf4 Rfe8 20. Kc3 b5
21. cxb5 Ne7 22. e4 f5 23. Rf1 fxe4 24. Qf7+ Kh8 25. Bg5 Rc8+ 26. Kb3 Nd5 27.
Rac1 Rb8 28. a4 e3 29. Rc6 e2 30. Re1 Ne3 31. Rh6+ {Black resigns} 1-0

[Event "Team 45 45 League T44"]
[Site "Internet Chess Club"]
[Date "2010.03.08"]
[Round "5"]
[White "Berke"]
[Black "Portola"]
[Result "0-1"]
[WhiteElo "1669"]
[BlackElo "1803"]
[Opening "Scotch gambit: Benima defense"]
[ECO "C44"]
[Time "08:00:19"]
[TimeControl "2700+45"]

1. e4 e5 2. Nf3 Nc6 3. d4 exd4 4. Bc4 Be7 5. Nxd4 Nf6 6. Nc3 O-O 7. Nf5 d6 8.
Nxe7+ Qxe7 9. Bg5 Qe5 10. Bxf6 Qxf6 11. O-O Qg6 12. Qd2 Ne5 13. Be2 Bh3 14. Kh1
Qxg2# {White checkmated} 0-1

[Event "Team 45 45 League T44"]
[Site "Internet Chess Club"]
[Date "2010.03.08"]
[Round "5"]
[White "g8wrb"]
[Black "badmove"]
[Result "0-1"]
[WhiteElo "1616"]
[BlackElo "1752"]
[Opening "Ruy Lopez: Wormald (Alapin) attack"]
[ECO "C77"]
[Time "15:16:39"]
[TimeControl "2700+45"]

1. e4 e5 2. Nf3 Nc6 3. Bb5 a6 4. Ba4 Nf6 5. Qe2 b5 6. Bb3 Be7 7. c3 O-O 8. d4 d6
9. h3 Nd7 10. O-O Bf6 11. Rd1 Na5 12. Bc2 Nc4 13. b3 Ncb6 14. Be3 Bb7 15. Nbd2
Re8 16. a3 d5 17. Rac1 exd4 18. Bxd4 Bxd4 19. Nxd4 dxe4 20. Nxe4 Nd5 21. Qg4
N7f6 22. Nxf6+ Qxf6 23. Qh5 g6 24. Qf3 Qxf3 25. Nxf3 Nxc3 26. Rd2 Ne2+ 27. Rxe2
Rxe2 28. Bd3 Bxf3 29. Bxe2 Bxe2 30. Rxc7 Bd1 31. b4 Bb3 32. Kf1 a5 33. Rc5 Bc4+
34. Ke1 axb4 35. axb4 Ra4 36. Kd2 Rxb4 37. Kc3 Rb3+ 38. Kc2 Ra3 39. Kb1 Rd3 40.
Kc2 Rd5 41. Rc7 Bf1 42. g3 Bxh3 43. Kc3 Bf1 44. Kb4 Rd2 45. f4 Rg2 46. Rc3 Bc4
47. Kc5 Rd2 48. Re3 h6 49. Re1 Kg7 50. Rg1 h5 51. Kb4 Kf6 52. Re1 Rd3 53. Rg1
Kf5 54. Re1 Rxg3 55. Rh1 Kxf4 56. Rh4+ Rg4 57. Rh2 h4 58. Rh3 g5 59. Rh2 Rg3 60.
Kc5 h3 61. Kd4 g4 62. Rf2+ Rf3 63. Rh2 Kg3 64. Rd2 Rd3+ 65. Rxd3+ Bxd3 66. Kxd3
h2 67. Kd4 h1=Q 68. Kc5 Qb1 69. Kd5 f5 70. Kd4 f4 71. Kc3 f3 72. Kd2 f2 73. Ke3
b4 74. Kd2 b3 75. Ke3 b2 76. Kd2 Qh7 77. Ke3 b1=Q 78. Kd2 f1=Q 79. Ke3 Kh3 80.
Kd2 g3 81. Ke3 g2 82. Kd4 g1=Q+ 83. Kc3 Qgg7+ 84. Kd2 Kg4 85. Ke3 Kf5 86. Kd2
Ke6 87. Ke3 Kd7 88. Kd2 Kc6 89. Ke3 Kb5 90. Kd2 Ka4 91. Ke3 Kb5 92. Kd2 Ka6 93.
Ke3 Kb7 94. Kd2 Kc8 95. Ke3 Kd7 96. Kd2 Ke7 97. Ke3 Kf7 98. Kd2 Kf8 99. Ke3 Ke8
100. Kd2 Qhd3# {White checkmated} 0-1

[Event "Team 45 45 League T44"]
[Site "Internet Chess Club"]
[Date "2010.03.10"]
[Round "5"]
[White "milesotoole"]
[Black "AtomicDog"]
[Result "1-0"]
[WhiteElo "1360"]
[BlackElo "1373"]
[Opening "Sicilian: Grand Prix attack"]
[ECO "B23"]
[Time "09:04:02"]
[TimeControl "2700+45"]

1. e4 c5 2. Nc3 Nc6 3. f4 g6 4. Nf3 Bg7 5. Bb5 Nd4 6. O-O Nxb5 7. Nxb5 Nf6 8. d3
d6 9. Nc3 Bg4 10. Qe1 Bxf3 11. Rxf3 O-O 12. Qh4 Qb6 13. Rh3 Nh5 14. Nd5 Bd4+ 15.
Kh1 Qa5 16. g4 Qe1+ 17. Qxe1 {Black resigns} 1-0

[Event "Team 45 45 League T44"]
[Site "Internet Chess Club"]
[Date "2010.03.08"]
[Round "5"]
[White "pawnward"]
[Black "powerchess1"]
[Result "1-0"]
[WhiteElo "1660"]
[BlackElo "1714"]
[Opening "Sicilian: accelerated fianchetto, Maróczy bind, 6.Be3"]
[ECO "B38"]
[Time "18:03:54"]
[TimeControl "2700+45"]

1. e4 c5 2. Nf3 g6 3. d4 cxd4 4. Nxd4 Bg7 5. c4 Nc6 6. Be3 d6 7. Nc3 Nf6 8. Be2
O-O 9. O-O Nd7 10. Qd2 Nc5 11. Rfd1 Qc7 12. Ndb5 Qb8 13. Rab1 a6 14. Nd4 Nxd4
15. Bxd4 Be6 16. b4 Nd7 17. Nd5 Bxd5 18. cxd5 Bxd4 19. Qxd4 b5 20. f4 Qb6 21.
Rbc1 Rfc8 22. Qxb6 Nxb6 23. Bg4 Rc4 24. Rxc4 Nxc4 25. Bd7 Ra7 26. Bc6 Nb2 27.
Rd2 Nc4 28. Rc2 a5 29. Bxb5 Na3 30. Rc8+ Kg7 31. Bd3 axb4 32. Rb8 Rc7 33. Rxb4
Rc1+ 34. Kf2 Ra1 35. Rb2 Kf6 36. g4 h6 37. h4 e6 38. e5+ dxe5 39. d6 exf4 40.
g5+ {Black resigns} 1-0

[Event "Team 45 45 League T44"]
[Site "Internet Chess Club"]
[Date "2010.03.08"]
[Round "5"]
[White "Manders"]
[Black "ticopatzer"]
[Result "1-0"]
[WhiteElo "1554"]
[BlackElo "1616"]
[Opening "Vienna: Paulsen-Mieses variation"]
[ECO "C26"]
[Time "18:00:12"]
[TimeControl "2700+45"]

1. e4 e5 2. Nc3 Nf6 3. g3 Nc6 4. Bg2 Bc5 5. Nf3 O-O 6. Nxe5 Nxe5 7. d4 Bxd4 8.
Qxd4 d6 9. O-O a6 10. Bg5 h6 11. Bxf6 Qxf6 12. Kh1 Bg4 13. Nd5 Qd8 14. f4 Nc6
15. Qf2 Re8 16. f5 Bh5 17. Nf4 g6 18. h3 Qg5 19. g4 Bxg4 20. hxg4 Qxg4 21. fxg6
fxg6 22. Nd5 Qh5+ 23. Kg1 Ne5 24. Nf6+ {Black resigns} 1-0

[Event "Team 45 45 League T44"]
[Site "Internet Chess Club"]
[Date "2010.03.07"]
[Round "5"]
[White "ToffeePudding"]
[Black "King96"]
[Result "1/2-1/2"]
[WhiteElo "1990"]
[BlackElo "1698"]
[Opening "Catalan opening"]
[ECO "E00"]
[Time "12:08:14"]
[TimeControl "2700+45"]

1. d4 Nf6 2. c4 e6 3. g3 d5 4. Nf3 b6 5. Bg2 Bb7 6. O-O dxc4 7. Qa4+ Nbd7 8.
Qxc4 Bd6 9. Nc3 O-O 10. Nb5 Bd5 11. Qc2 Be4 12. Qb3 Bd5 13. Qc2 Be4 14. Qd1 Be7
15. Nc3 Bb7 16. Bg5 Ne4 17. Nxe4 Bxe4 18. Bxe7 Qxe7 19. Qa4 c5 20. Rac1 cxd4 21.
Qxd4 Nf6 22. Rfd1 Rfd8 23. Qa4 Rd5 24. Rxd5 Bxd5 25. Ne5 Qd6 26. Qd4 Qd8 27.
Bxd5 Qxd5 28. Qxd5 Nxd5 29. e4 Nf6 30. f3 Ne8 31. a4 f6 32. Nc6 Nd6 33. Kf2 Kf7
34. Rd1 Nc4 35. b3 Ne5 36. Nxe5+ fxe5 37. Rd7+ Kf6 38. Rc7 h6 39. h4 g5 40. h5
Rd8 41. Ke2 g4 42. fxg4 Rd4 43. Ke3 Rb4 44. Rc3 Kg5 45. Kf3 Kf6 46. Rd3 a5 47.
Rc3 Kg5 48. Re3 b5 49. axb5 Rxb5 50. Rc3 Rb4 51. Re3 Rb5 52. Rc3 {Game drawn by
mutual agreement} 1/2-1/2

[Event "Team 45 45 League T44"]
[Site "Internet Chess Club"]
[Date "2010.03.07"]
[Round "5"]
[White "vaknight"]
[Black "screamingeagle"]
[Result "0-1"]
[WhiteElo "1673"]
[BlackElo "2022"]
[Opening "Bird's opening"]
[ECO "A02"]
[Time "09:03:17"]
[TimeControl "2700+45"]

1. f4 Nf6 2. b3 g6 3. Bb2 Bg7 4. e3 d5 5. Nf3 c5 6. Be2 Nc6 7. O-O O-O 8. Kh1
Re8 9. Ne5 Qc7 10. Nc3 a6 11. Bf3 Nxe5 12. fxe5 Qxe5 13. Na4 Qd6 14. Rc1 b5 15.
Nc3 Bb7 16. Qe2 Rab8 17. d3 e5 18. e4 d4 19. Nb1 Nd7 20. Nd2 Nf8 21. Rf2 Ne6 22.
g3 Bh6 23. Rcf1 Be3 24. Rg2 Ng7 25. Bc1 f5 26. Nb1 f4 27. g4 Rf8 28. Bd2 Rf7 29.
h4 Rbf8 30. Be1 Bc8 31. Nd2 g5 32. h5 Be6 33. a3 Rc8 34. Bf2 Rfc7 35. Bxe3 dxe3
36. Nb1 c4 37. dxc4 bxc4 38. Rd1 Qc6 39. b4 c3 40. Rgg1 Bc4 41. Qg2 Bb5 42. Rge1
Rd7 43. Rxd7 Qxd7 44. Rd1 Qe7 45. Be2 Ne6 46. Bxb5 axb5 {White resigns} 0-1

[Event "Team 45 45 League T44"]
[Site "Internet Chess Club"]
[Date "2010.03.09"]
[Round "5"]
[White "tammany"]
[Black "rayonline53"]
[Result "0-1"]
[WhiteElo "1666"]
[BlackElo "1481"]
[Opening "Caro-Kann: Panov-Botvinnik attack, 5...e6"]
[ECO "B14"]
[Time "18:05:17"]
[TimeControl "2700+45"]

1. e4 c6 2. d4 d5 3. exd5 cxd5 4. c4 Nf6 5. Nc3 e6 6. Nf3 Be7 7. Bd3 O-O 8. O-O
h6 9. cxd5 exd5 10. Bf4 Nc6 11. a3 Bg4 12. Be2 Rc8 13. h3 Be6 14. Rc1 Qd7 15.
Ne5 Nxe5 16. dxe5 Nh7 17. Bb5 Qd8 18. Qf3 a6 19. Bd3 Bg5 20. Bxh7+ Kxh7 21. Bxg5
Qxg5 22. Rce1 Rfd8 23. Kh1 Kg8 24. Qe2 Rc4 25. Nd1 Qh4 26. Qf3 Rc2 27. b4 Rdc8
28. Re3 Ra2 29. Rc3 Rxc3 30. Qxc3 Qc4 31. Qxc4 dxc4 32. Ne3 Rxa3 33. Rc1 b5 34.
Kg1 Ra4 35. Rb1 Ra3 36. Kf1 Kf8 37. Ke2 Ke8 38. f4 Bc8 39. Nc2 Rg3 40. Kf2 Rd3
41. Ne3 Bb7 42. Rb2 Be4 43. Ra2 Bb7 44. g4 Rb3 45. Nf5 Kf8 46. Nd6 Rxh3 {White
resigns} 0-1

[Event "Team 45 45 League T44"]
[Site "Internet Chess Club"]
[Date "2010.03.06"]
[Round "5"]
[White "Geeloo"]
[Black "Paulkov"]
[Result "1/2-1/2"]
[WhiteElo "2116"]
[BlackElo "2151"]
[Opening "Sicilian defense"]
[ECO "B30"]
[Time "12:02:07"]
[TimeControl "2700+45"]

1. e4 c5 2. Nf3 Nc6 3. c3 d5 4. exd5 Qxd5 5. d4 e5 6. Nxe5 Nxe5 7. dxe5 Qxe5+ 8.
Qe2 Qxe2+ 9. Bxe2 Bd7 10. Bf3 O-O-O 11. O-O Nf6 12. Bf4 Be6 13. Na3 Bd6 14. Be3
a6 15. b3 Nd5 16. Bxd5 Bxd5 17. Rfd1 Be6 18. Rac1 Rhe8 {Game drawn by mutual
agreement} 1/2-1/2

[Event "Team 45 45 League T44"]
[Site "Internet Chess Club"]
[Date "2010.03.04"]
[Round "5"]
[White "chsrules88"]
[Black "spunni"]
[Result "1-0"]
[WhiteElo "2017"]
[BlackElo "1904"]
[Opening "Vienna game"]
[ECO "C28"]
[Time "13:02:01"]
[TimeControl "2700+45"]

1. e4 e5 2. Nc3 Nf6 3. Bc4 Nc6 4. d3 Na5 5. Bb3 Nxb3 6. axb3 d5 7. Bg5 dxe4 8.
Bxf6 Qxf6 9. dxe4 Bb4 10. Nf3 Qg6 11. Qe2 O-O 12. O-O-O Bxc3 13. bxc3 Qxg2 14.
Rdg1 Qh3 15. Rg3 Qe6 16. Rhg1 g6 17. Qe3 Qf6 18. Qc5 Qf4+ 19. Kb2 Qxe4 20. Nxe5
Bf5 21. Nd3 c6 22. Nb4 Rfd8 23. Re3 Qh4 24. Qxf5 Qxh2 25. Re7 Rf8 26. Qg5 Qxf2
27. Rxb7 c5 28. Nd5 c4 29. Nf6+ Kg7 30. Nh5+ Kh8 31. Qe5+ f6 32. Qe7 {Black
resigns} 1-0

[Event "Team 45 45 League T44"]
[Site "Internet Chess Club"]
[Date "2010.03.08"]
[Round "5"]
[White "bogolijubov"]
[Black "charles-allen"]
[Result "0-1"]
[WhiteElo "1854"]
[BlackElo "1910"]
[Opening "Petrov: Nimzovich attack"]
[ECO "C42"]
[Time "16:18:10"]
[TimeControl "2700+45"]

1. e4 e5 2. Nf3 Nf6 3. Nxe5 d6 4. Nf3 Nxe4 5. Nc3 Nxc3 6. dxc3 Be7 7. Be3 Nc6 8.
Qd2 Be6 9. O-O-O Bxa2 10. b3 a5 11. Kb2 a4 12. Kxa2 axb3+ 13. Kxb3 Ra5 14. Kb2
Qa8 15. Bc4 d5 16. Rhe1 Ba3+ 17. Kb1 O-O {White resigns} 0-1

[Event "Team 45 45 League T44"]
[Site "Internet Chess Club"]
[Date "2010.03.06"]
[Round "5"]
[White "Constrictor"]
[Black "CapitanTrueno"]
[Result "1/2-1/2"]
[WhiteElo "1821"]
[BlackElo "1748"]
[Opening "King's Indian: Zinnowitz variation"]
[ECO "E61"]
[Time "10:00:23"]
[TimeControl "2700+45"]

1. Nf3 Nf6 2. d4 g6 3. c4 Bg7 4. Nc3 d6 5. Bg5 O-O 6. e4 Qe8 7. Be2 e5 8. d5 a5
9. Qc2 Na6 10. a3 Bd7 11. O-O Nh5 12. Nd2 Nf4 13. h3 f5 14. Bxf4 exf4 15. exf5
Bxf5 16. Bd3 Qf7 17. Bxf5 Qxf5 18. Qxf5 Rxf5 19. Nde4 Re8 20. f3 Rfe5 21. Rad1
h6 22. Rd2 R5e7 23. Nb5 Nc5 24. Nxc5 dxc5 25. Rfd1 {Game drawn by mutual
agreement} 1/2-1/2

[Event "Team 45 45 League T44"]
[Site "Internet Chess Club"]
[Date "2010.03.08"]
[Round "5"]
[White "SugarIslander"]
[Black "wbanks"]
[Result "1/2-1/2"]
[WhiteElo "1654"]
[BlackElo "1600"]
[Opening "QGD semi-Slav: 5.e3"]
[ECO "D45"]
[Time "18:00:19"]
[TimeControl "2700+45"]

1. d4 d5 2. c4 c6 3. Nc3 Nf6 4. Nf3 e6 5. e3 Be7 6. Qc2 O-O 7. Bd3 dxc4 8. Bxc4
b5 9. Bd3 Bb7 10. Ne4 Nbd7 11. O-O Nxe4 12. Bxe4 Nf6 13. Ng5 Nxe4 14. Nxe4 a6
15. Nc5 Bc8 16. b4 a5 17. Bd2 axb4 18. Bxb4 Re8 19. a3 Qd5 20. Rfd1 Qg5 21. Rac1
Bxc5 22. Bxc5 Bb7 23. Qc3 Ra4 24. Qb3 Rea8 25. f4 Qg4 26. Rd2 Qf5 27. Rdc2 Qe4
28. Re2 h6 29. Bb4 Rc8 30. Rc5 Rd8 31. Qc2 Qxc2 32. Rexc2 Raa8 33. g4 f6 34. Kf2
Kf7 35. h4 g6 36. Kg3 Rd5 37. Rxd5 exd5 38. g5 hxg5 39. fxg5 f5 40. Rh2 Re8 41.
Kf2 Ba8 42. Rh3 Kg7 43. Rf3 Rh8 44. Rf4 Kf7 45. Ke2 Ke6 46. Kd2 Bb7 47. Kc2 Ba6
48. Kb3 Rh7 {Game drawn by mutual agreement} 1/2-1/2

[Event "Team 45 45 League T44"]
[Site "Internet Chess Club"]
[Date "2010.03.09"]
[Round "5"]
[White "dinkola"]
[Black "oldsj"]
[Result "1-0"]
[WhiteElo "1688"]
[BlackElo "1592"]
[Opening "King's Indian defense, 3.Nc3"]
[ECO "E61"]
[Time "09:02:08"]
[TimeControl "2700+45"]

1. d4 Nf6 2. c4 g6 3. Nc3 Bg7 4. e3 d6 5. Be2 O-O 6. Nf3 c5 7. O-O cxd4 8. exd4
Nbd7 9. Re1 b6 10. h3 Bb7 11. Be3 d5 12. Rc1 dxc4 13. Bxc4 Rc8 14. Bd3 Nd5 15.
Bg5 N7f6 16. a3 Re8 17. Qe2 h6 18. Bd2 Nc7 19. Nb5 Ba6 20. Nxa7 Bxd3 21. Qxd3
Ra8 22. Nc6 Qd7 23. Nfe5 Qc8 24. Nxg6 fxg6 25. Nxe7+ Rxe7 26. Rxe7 Nfd5 27.
Rcxc7 Nxc7 28. Qc4+ Kh7 29. Qxc7 Qxc7 30. Rxc7 Rd8 31. Rb7 Rd6 32. Bc3 Kg8 33.
Rb8+ Kf7 34. Rb7+ Kg8 35. f3 Bf6 36. Kf2 Re6 37. d5 Rd6 38. Bxf6 Rxf6 39. Ke3
Kf8 40. Kd4 Rd6 41. Ke5 Rd8 42. Rxb6 {Black resigns} 1-0

[Event "Team 45 45 League T44"]
[Site "Internet Chess Club"]
[Date "2010.03.08"]
[Round "5"]
[White "rom1"]
[Black "slipkid"]
[Result "1-0"]
[WhiteElo "1544"]
[BlackElo "1516"]
[Opening "Nimzo-Indian: Spielmann variation"]
[ECO "E22"]
[Time "14:30:24"]
[TimeControl "2700+45"]

1. d4 Nf6 2. c4 e6 3. Nc3 Bb4 4. Qb3 Bxc3+ 5. Qxc3 d5 6. Bg5 O-O 7. e3 b6 8.
cxd5 exd5 9. Nf3 Nbd7 10. Bd3 Bb7 11. Ne5 Qc8 12. O-O Nxe5 13. dxe5 Nd7 14. Bf5
c5 15. e6 fxe6 16. Bxe6+ Kh8 17. Bh6 Rf6 18. Bxd7 Qxd7 19. Bf4 Qc6 20. Qd2 d4
21. f3 dxe3 22. Bxe3 Rd6 23. Qc2 Re8 24. Bf4 Rd4 25. Bg3 Ba6 26. Rfe1 Rdd8 27.
Rad1 Rxd1 28. Qxd1 Rxe1+ 29. Qxe1 Qc8 30. Qe7 Qa8 31. Be5 Qg8 32. Qxa7 Bd3 33.
a3 h6 34. Qxb6 Qd5 35. Qc7 Qg8 36. Qxc5 Qb3 37. Qf8+ Qg8 38. Qe7 Kh7 39. Qd7
{Black resigns} 1-0

[Event "Team 45 45 League T44"]
[Site "Internet Chess Club"]
[Date "2010.03.06"]
[Round "5"]
[White "houseofcook"]
[Black "Just-Jim"]
[Result "1-0"]
[WhiteElo "1464"]
[BlackElo "1291"]
[Opening "Philidor: exchange variation"]
[ECO "C41"]
[Time "14:30:18"]
[TimeControl "2700+45"]

1. e4 e5 2. Nf3 d6 3. d4 exd4 4. Qxd4 Nc6 5. Bb5 Bd7 6. Bxc6 Bxc6 7. Nc3 Nf6 8.
O-O Be7 9. Re1 O-O 10. Bf4 h6 11. h3 Nh7 12. Rad1 b6 13. Nd5 Bxd5 14. exd5 Bf6
15. Qb4 Qd7 16. b3 a5 17. Qd2 g5 18. Be3 b5 19. Bd4 b4 20. Bxf6 Nxf6 21. Qd4 Nh5
22. Nh2 Nf4 23. Ng4 f6 24. Nxf6+ Rxf6 25. Qxf6 Nxh3+ 26. gxh3 Qxh3 27. Qe6+ Qxe6
28. Rxe6 Rf8 29. Re7 Rc8 30. Rde1 Kf8 31. Rh7 Kg8 32. Ree7 c6 33. Reg7+ Kf8 34.
Rh8+ Kxg7 35. Rxc8 cxd5 36. Rd8 g4 37. Rxd6 d4 38. Rxd4 Kg6 39. Rd5 h5 40. Rxa5
h4 41. Kh2 {Black resigns} 1-0

[Event "Team 45 45 League T44"]
[Site "Internet Chess Club"]
[Date "2010.03.06"]
[Round "5"]
[White "DanMcClintic"]
[Black "Signalman"]
[Result "0-1"]
[WhiteElo "1612"]
[BlackElo "1477"]
[Opening "Pirc defense"]
[ECO "B07"]
[Time "09:30:03"]
[TimeControl "2700+45"]

1. e4 d6 2. d4 Nf6 3. Nc3 e5 4. dxe5 dxe5 5. Qxd8+ Kxd8 6. Bg5 Be6 7. O-O-O+ Nd7
8. a3 c6 9. f4 exf4 10. e5 h6 11. Bxf6+ gxf6 12. exf6 Kc7 13. Nge2 Bd6 14. Ne4
Be5 15. Nd4 Bd5 16. Nc3 Nxf6 17. Nxd5+ Nxd5 18. c4 Ne3 19. Rd3 Nxc4 20. Ne2 Nxb2
21. Rb3 Nc4 22. Nc3 Na5 23. Nb5+ cxb5 24. Rxb5 Rac8 25. Kb1 Nc6 26. Bd3 Rhe8 27.
Bf5 Rcd8 28. g4 a6 29. Rc5 Bd6 30. Rc2 Re3 31. h4 Rde8 32. g5 Re1+ 33. Rc1 Rxc1+
34. Kxc1 Bxa3+ 35. Kd2 Bb4+ 36. Kd3 Re3+ 37. Kc4 b5+ 38. Kd5 {White resigns} 0-1

[Event "Team 45 45 League T44"]
[Site "Internet Chess Club"]
[Date "2010.03.07"]
[Round "5"]
[White "Pablito15"]
[Black "medsurg"]
[Result "1/2-1/2"]
[WhiteElo "1556"]
[BlackElo "1367"]
[Opening "Two knights defense"]
[ECO "C59"]
[Time "16:00:16"]
[TimeControl "2700+45"]

1. e4 e5 2. Nf3 Nc6 3. Bc4 Nf6 4. Ng5 d5 5. exd5 Na5 6. Bb5+ c6 7. dxc6 bxc6 8.
Be2 Bc5 9. Nc3 h6 10. Nh3 Qc7 11. d3 Bf5 12. O-O O-O 13. Be3 Bd6 14. g4 Be6 15.
Ne4 Nxe4 16. dxe4 Rfd8 17. Qe1 Nc4 18. Bc1 Rab8 19. b3 Nb6 20. f3 Be7 21. Bb2 h5
22. Nf2 Bh4 23. Qc3 f6 24. gxh5 Rbc8 25. Nd3 Bh3 26. Rfd1 Qf7 27. f4 exf4 28.
Nxf4 Bd7 29. a4 Bg5 30. Ng6 Kh7 31. a5 Na8 32. Bc4 Be6 33. Bd3 Bg4 34. e5 Rxd3
35. cxd3 Bxh5 36. Re1 Qxg6 37. Kf2 Qf5+ 38. Kg2 Bf3+ 39. Kf2 Bg4+ 40. Kg1 Bf3
41. Qc2 Qg4+ 42. Kf1 Qh3+ 43. Kg1 Qg4+ 44. Kf1 Qh3+ 45. Kg1 fxe5 46. Bxe5 Qg4+
47. Bg3 Qd4+ 48. Bf2 Qg4+ 49. Bg3 {Game drawn by mutual agreement} 1/2-1/2

[Event "Team 45 45 League T44"]
[Site "Internet Chess Club"]
[Date "2010.03.05"]
[Round "5"]
[White "Pason"]
[Black "eurander"]
[Result "0-1"]
[WhiteElo "2108"]
[BlackElo "2222"]
[Opening "QGD semi-Slav"]
[ECO "D43"]
[Time "12:00:52"]
[TimeControl "2700+45"]

1. c4 c6 2. Nc3 d5 3. d4 Nf6 4. Nf3 e6 5. Bg5 h6 6. Bh4 dxc4 7. e4 g5 8. Bg3 b5
9. Ne5 Bb7 10. f4 Nbd7 11. Nxf7 Kxf7 12. e5 Nd5 13. Qh5+ Kg7 14. Be2 Nxc3 15.
bxc3 Qe8 16. Qg4 Qg6 17. fxg5 hxg5 18. O-O Be7 19. Rf6 Nxf6 20. exf6+ Bxf6 21.
Rf1 Rhf8 22. Bf3 Qf5 23. Qh5 Rh8 {White resigns} 0-1

[Event "Team 45 45 League T44"]
[Site "Internet Chess Club"]
[Date "2010.03.08"]
[Round "5"]
[White "pestka"]
[Black "alastorx"]
[Result "1-0"]
[WhiteElo "2231"]
[BlackElo "2011"]
[Opening "QGD: Tarrasch, Prague variation, 9.Bg5"]
[ECO "A40"]
[Time "15:36:29"]
[TimeControl "2700+45"]

1. d4 e6 2. Nf3 d5 3. g3 c5 4. Bg2 Nc6 5. O-O Nf6 6. c4 Be7 7. Nc3 O-O 8. cxd5
exd5 9. Bg5 cxd4 10. Nxd4 h6 11. Be3 Re8 12. Rc1 Bg4 13. h3 Be6 14. Qa4 Qd7 15.
Kh2 a6 16. Nxc6 bxc6 17. Rfd1 Bd6 18. Bd4 Reb8 19. Rd2 Rb4 20. Qd1 Rab8 21. b3
Nh7 22. e4 Ng5 23. f4 Nxh3 24. f5 Bxf5 25. exf5 Ng5 26. Qc2 c5 27. Bf2 d4 28.
Ne4 Nxe4 29. Qxe4 Re8 30. Qf3 Rb6 31. Bh3 f6 32. Bf1 Re5 33. Bc4+ Kh7 34. Re1
Qe7 35. Rxe5 fxe5 36. Re2 Qf6 37. Kg2 a5 38. Qh5 a4 39. g4 g6 40. fxg6+ Qxg6 41.
Qh3 e4 42. Kf1 e3 43. Bxe3 dxe3 44. Qxe3 Kg7 45. Bd3 Qg5 46. Qxg5+ hxg5 47. bxa4
Rb4 48. Re4 Rxe4 49. Bxe4 Bc7 50. Ke2 Kf6 51. Kd3 Ke5 52. Bf3 Kd6 53. Kc4 Bd8
54. Kb5 Bc7 55. a5 Bb8 56. Kb6 Bc7+ 57. Kb5 Bb8 58. a3 c4 59. Kxc4 Kc7 60. Kb5
Kd7 61. Be4 Kc7 62. Ka6 {Black resigns} 1-0

[Event "Team 45 45 League T44"]
[Site "Internet Chess Club"]
[Date "2010.03.07"]
[Round "5"]
[White "NFK"]
[Black "tourettes"]
[Result "0-1"]
[WhiteElo "1624"]
[BlackElo "1520"]
[Opening "Queen's pawn: Yusupov-Rubinstein system"]
[ECO "A46"]
[Time "04:04:54"]
[TimeControl "2700+45"]

1. d4 Nf6 2. Nf3 e6 3. e3 b6 4. Bd3 Bb7 5. Nbd2 Be7 6. b3 O-O 7. Bb2 d5 8. c4 c5
9. Qc2 Nbd7 10. O-O Rc8 11. Ne5 cxd4 12. exd4 g6 13. Rae1 Nh5 14. Re3 Nf4 15.
Rg3 Nf6 16. Re1 N6h5 17. Rf3 dxc4 18. bxc4 Bxf3 19. Ndxf3 Nxd3 20. Qxd3 Qc7 21.
Nd2 Qb7 22. Qe3 Rfd8 23. Nxf7 Kxf7 24. Qxe6+ Kf8 25. d5 Rd6 26. Qe5 Rf6 27. Ne4
Qc7 28. d6 Bxd6 29. Nxd6 Qxd6 {White resigns} 0-1

[Event "Team 45 45 League T44"]
[Site "Internet Chess Club"]
[Date "2010.03.07"]
[Round "5"]
[White "crankn8tr"]
[Black "Egmont"]
[Result "1/2-1/2"]
[WhiteElo "1470"]
[BlackElo "1740"]
[Opening "Sicilian defense"]
[ECO "B34"]
[Time "11:00:57"]
[TimeControl "2700+45"]

1. e4 c5 2. Nf3 Nc6 3. d4 cxd4 4. Nxd4 g6 5. Be3 Bg7 6. Nc3 Nf6 7. f3 O-O 8. Qd2
d5 9. O-O-O dxe4 10. Nxc6 Qxd2+ 11. Rxd2 bxc6 12. fxe4 Ng4 13. Bc5 Bh6 14. Bxe7
Re8 15. Bc5 Rd8 16. Bd3 Ne5 17. Kd1 Bxd2 18. Kxd2 Nxd3 19. cxd3 Ba6 20. d4 Bc4
21. b3 Be6 22. Ne2 g5 23. h4 g4 24. g3 a5 25. Nc3 Rd7 26. Ke3 f5 27. e5 Rf7 28.
Kf4 h6 29. Rh2 Kg7 30. Rd2 Kg6 31. Rf2 Rd7 32. Rd2 Rad8 33. Bb6 Ra8 34. Bc5 Rf7
35. Rf2 Bc8 36. Re2 Ba6 37. Rd2 Rd7 38. Na4 Rb8 39. Nb2 Rb5 40. Na4 h5 {Game
drawn by mutual agreement} 1/2-1/2

[Event "Team 45 45 League T44"]
[Site "Internet Chess Club"]
[Date "2010.03.07"]
[Round "5"]
[White "Zumbi"]
[Black "SuperJEM"]
[Result "0-1"]
[WhiteElo "2003"]
[BlackElo "2164"]
[Opening "Pirc: 150 attack"]
[ECO "B07"]
[Time "19:24:54"]
[TimeControl "2700+45"]

1. e4 d6 2. d4 Nf6 3. Nc3 g6 4. Be3 c6 5. Qd2 Nbd7 6. Nf3 b5 7. Bd3 Qc7 8. h3 a6
9. Ne2 e5 10. dxe5 dxe5 11. O-O Bb7 12. a4 Bc5 13. Ng3 Bxe3 14. Qxe3 h5 15. Qg5
Nh7 16. Qe3 f6 17. a5 c5 18. c4 b4 19. Qh6 Kf7 20. Qe3 Nhf8 21. Nd2 Ne6 22. Nb3
Nd4 23. Nxd4 cxd4 24. Qd2 Nc5 25. Bc2 h4 26. Ne2 d3 27. Bxd3 Rad8 28. Nc1 Bxe4
29. Re1 Bxd3 30. Nxd3 Nxd3 31. Re3 Qxc4 32. Rd1 Nf4 {White resigns} 0-1

[Event "Team 45 45 League T44"]
[Site "Internet Chess Club"]
[Date "2010.03.04"]
[Round "5"]
[White "GreatPelle"]
[Black "Ptzz"]
[Result "0-1"]
[WhiteElo "1988"]
[BlackElo "2062"]
[Opening "Blackmar gambit"]
[ECO "D00"]
[Time "14:00:41"]
[TimeControl "2700+45"]

1. d4 d5 2. e4 dxe4 3. Nc3 e5 4. Qh5 Nc6 5. Bg5 Nf6 6. Bxf6 Qxf6 7. Nxe4 Qf5 8.
Qxf5 Bxf5 9. Bd3 Nxd4 10. c3 Ne6 11. Nf3 Bxe4 12. Bxe4 Nc5 13. Bc2 O-O-O 14.
Nxe5 Re8 15. Bf5+ Kb8 16. O-O-O Bd6 17. Nd7+ Nxd7 18. Bxd7 Re2 19. Rdf1 Bc5 20.
Bb5 Rxf2 21. Rxf2 Bxf2 22. Rf1 Be3+ 23. Kc2 a6 24. Bd3 f6 25. b4 h5 26. Re1 Bf4
27. h3 Be5 28. Bg6 Rh6 29. Bf7 g5 30. Rd1 g4 31. Rd8+ Ka7 32. hxg4 hxg4 33. Be6
g3 34. Bd5 Rh4 35. Rd7 Rf4 36. a3 Rf2+ 37. Kb3 Rd2 38. Bc6 Re2 39. Bd5 Re3 40.
a4 Rxc3+ 41. Ka2 Rd3 42. b5 axb5 43. axb5 Kb6 44. Bc6 Re3 45. Bd5 Re2+ 46. Kb3
Rb2+ 47. Kc4 Rxb5 48. Bxb7 Rc5+ 49. Kb4 Bc3+ {White resigns} 0-1